 Dungeon Sprint DCSS version 0.26.1-11-gd32895ea62 (webtiles) character file.

Game seed: 5222574021742770022

51 Zeld the Digger (level 3, -4/21 HPs)
             Began as an Octopode Earth Elementalist on June 6, 2021.
             Was a Follower of Sif Muna.
             Killed from afar by a raiju (16 damage)
             ... with a living lightning
             ... in the Dungeon (Sprint V: "Ziggurat Sprint").
             The game lasted 00:01:01 (393 turns).

Zeld the Digger (Octopode Earth Elementalist)        Turns: 393, Time: 00:01:02

Health: -4/21      AC:  1    Str: 19    XL:     3   Next: 83%
Magic:  8/8        EV: 15    Int: 30    God:    Sif Muna [*.....]
Gold:   0          SH:  0    Dex: 12    Spells: 4/10 levels left

rFire    . . .     SeeInvis .   (no weapon)
rCold    . . .     Faith    .   (no shield)
rNeg     . . .     Spirit   .   (helmet restricted)
rPois    .         Reflect  .   (no amulet)
rElec    .         Harm     .   s - +6 ring of strength
rCorr    .         Rampage  .   t - +6 ring of strength
Will     .....     NoTele   +   q - +6 ring of intelligence
Stlth    +++.......             r - +6 ring of intelligence
HPRegen  0.07/turn              (no ring)
MPRegen  0.11/turn              (no ring)
                                (no ring)
                                (no ring)

@: no status effects
A: almost no armour, stealthy swim, amphibious, 8 rings, constrict 8, camouflage
1, gelatinous body 1
a: Renounce Religion, Channel Magic


You were in the Dungeon.
You worshipped Sif Muna.
Sif Muna was aware of your devotion.
You visited 1 branch

Inventory:

Missiles
 b - 25 stones
Jewellery
 q - a +6 ring of intelligence (on tentacle)
 r - a +6 ring of intelligence (on tentacle)
 s - a +6 ring of strength (left tentacle)
 t - a +6 ring of strength (right tentacle)
Wands
 m - a wand of disintegration (7)
 n - a wand of iceblast (4)
 o - a wand of acid (7)
Scrolls
 h - 4 scrolls of blinking
 u - 4 scrolls of amnesia
 v - 7 scrolls of fog
 w - a scroll of holy word
 x - 5 scrolls of identify
 y - 5 scrolls of remove curse
 z - 2 scrolls of fear
Potions
 a - 2 potions of brilliance
 c - 10 potions of curing
 d - 10 potions of heal wounds
 e - 6 potions of haste
 f - 7 potions of magic
 g - 3 potions of berserk rage
 i - 2 potions of invisibility
 j - 4 potions of resistance
 l - 5 potions of might
Miscellaneous
 p - a lightning rod (4/4)


   Skills:
 + Level 4.6 Dodging
 - Level 2.6 Stealth
 + Level 4.2 Spellcasting
 - Level 1.0 Transmutations
 * Level 6.7 Earth Magic
 * Level 2.8 Invocations


You had 4 spell levels left.
You knew the following spells:

 Your Spells              Type           Power        Failure   Level
a - Sandblast             Erth           92%          1%          1
b - Passwall              Tmut/Erth      24%          1%          2
c - Stone Arrow           Conj/Erth      52%          4%          3

Your spell library contained the following spells:

 Spells                   Type           Power        Failure   Level
 Foxfire                  Conj/Fire      24%          6%          1
 Petrify                  Tmut/Erth      29%          13%         4
 Lee's Rapid Deconstruct  Erth           23%          11%         5
 Fireball                 Conj/Fire      3%           87%         5
 Starburst                Conj/Fire      3%           100%        6
 Ignition                 Fire           3%           100%        8


Dungeon Overview and Level Annotations

Branches:
Dungeon (1/1)

Altars:
Ashenzari
Cheibriados
Dithmenos
Elyvilon
Fedhas
Gozag
Hepliaklqana
Kikubaaqudgha
Makhleb
Nemelex Xobeh
Okawaru
Qazlal
Ru
Sif Muna
Trog
Uskayaw
Vehumet
Wu Jian
Xom
Yredelemnul
Zin
The Shining One
Beogh
Jiyva
Lugonu

Annotations:
D 1 transporter


Innate Abilities, Weirdness & Mutations

You cannot wear most types of armour.
You are very stealthy in the water. (Stealth+)
You are amphibious.
You can wear up to eight rings at the same time.
You can use your tentacles to constrict eight enemies at once.
Your skin changes colour to match your surroundings (Stealth+).
Your rubbery body absorbs attacks. (AC +1, EV +1)


Message History

Okay, then.
Aiming: Iceblast
Press: ? - help, Shift-Dir - straight line, f - raiju
Aim: a raiju (moderately wounded)
The mass of ice explodes!
The iceblast engulfs the raiju!
The raiju is heavily wounded.
The iceblast engulfs the white imp.
The white imp partially resists.
You kill the white imp!
Sif Muna accepts your kill.
Unknown command.
Unknown command.
Aiming: Iceblast
Press: ? - help, Shift-Dir - straight line, f/p - raiju
Aim: a raiju (heavily wounded)
The mass of ice explodes!
The iceblast engulfs the raiju.
The raiju is severely wounded.
The raiju bursts into living lightning!
The living lightning hits you!
Ouch! That really hurt!
You die...

▓▓▓▓▓▓▓▓▓▓▓▓▓
▓.8©8.▓.8©8.▓
▓.))).▓.....▓
▓..h..▓...).▓
▓.....▓..)..▓
▓.....▓..)..▓
▓.....▓..©..▓
▓..@..▓▓▓▓▓▓▓
▓▓▓▓▓▓▓


You could see a raiju.

Vanquished Creatures
  An orc priest (D)
  A white imp (D)
  An ufetubus (D)
  An orc (D)
4 creatures vanquished.

Notes
Turn   | Place    | Note
-------+----------+-------------------------------------------
     0 | D        | Zeld the Octopode Earth Elementalist began the quest for
                  | the Orb.
     0 | D        | Reached XP level 1. HP: 11/11 MP: 3/3
     2 | D        | Found a shimmering blue altar of Sif Muna.
     2 | D        | Found a bloodstained altar of Trog.
     2 | D        | Found a sacrificial altar of Ru.
     2 | D        | Found a stormy altar of Qazlal.
     2 | D        | Found an iron altar of Okawaru.
     3 | D        | Found a sparkling altar of Nemelex Xobeh.
     3 | D        | Found a blossoming altar of Fedhas.
     4 | D        | Found the +6 Majin-Bo {vamp, MP+6 Int+6}
     4 | D        | Found the +9 heavy crossbow "Sniper" {vorpal, Acc+∞ SInv}
     4 | D        | Found the +10 dark maul {vorpal}
     4 | D        | Found the +15 Maxwell's patent armour {-Cast -Tele rElec
                  | Will+ rCorr}
     4 | D        | Found the +18 shield of the Gong {rElec rN+ Will+ EV-5}
     4 | D        | Found the cursed +14 obsidian axe {vorpal, +Fly SInv
                  | *Curse}
     4 | D        | Found the +7 great mace "Firestarter" {inner flame, rF++}
     4 | D        | Found the +6 shillelagh "Devastator" {shatter}
     4 | D        | Found the +11 plutonium sword {*Contam Stlth-}
     4 | D        | Found the +8 lance "Wyrmbane" {slay drac, rPois rF+ rC+
                  | AC+3}
     4 | D        | Found the +9 sword of Zonguldrok {reap}
     4 | D        | Found the cursed +13 scythe of Curses {drain, *Curse}
     4 | D        | Found the +5 sword of Power {vorpal}
     4 | D        | Found the +7 mace of Variability {chain chaos}
     4 | D        | Found the +7 Singing Sword {vorpal, sonic wave}
     4 | D        | Found the +8 storm bow {elec, penet}
     5 | D        | Banished a spatial maelstrom
    10 | D        | Found a corrupted altar of Lugonu.
    10 | D        | Found a burning altar of Makhleb.
    10 | D        | Found an ancient bone altar of Kikubaaqudgha.
    10 | D        | Found a transporter.
    10 | D        | Found a viscous altar of Jiyva.
    13 | D        | Found a hazy altar of Hepliaklqana.
    20 | D        | Found an opulent altar of Gozag.
    30 | D        | Became a worshipper of Sif Muna the Loreminder
    35 | D        | Reached skill level 6 in Earth Magic
    35 | D        | Reached XP level 2. HP: 17/17 MP: 3/6
    39 | D        | Learned a level 2 spell: Passwall
   128 | D        | Entered arena 2.
   128 | D        | Found a transporter.
   131 | D        | Reached XP level 3. HP: 21/21 MP: 4/8
   169 | D        | Got the Compendium of Flames
   174 | D        | Learned a level 3 spell: Stone Arrow
   390 | D        | Entered arena 3.
   390 | D        | Noticed a raiju
   390 | D        | Found a transporter.
   391 | D        | Reached * piety under Sif Muna
   393 | D        | Killed from afar by a raiju

Illustrated notes

Levels and vault maps discovered:
D:        sprint_v [room_start, room_1, room_2, room_3, room_4, room_5, room_6,
          room_7, room_8, room_9, room_10, room_11, room_12, room_13, room_14,
          room_15, room_16, room_17, room_18, room_19, room_20, room_21,
          room_22, room_23, room_24, room_25, room_26, room_27]

Skill      XL: |  1  2 |
---------------+-------+-----
Dodging        | 4 |  4.6
Spellcasting   | 3 4 |  4.2
Earth Magic    | 6 |  6.7
Invocations    | 2 |  2.8
Stealth        | |  2.6
Transmutations | |  1.0

Action                   || total
-------------------------++-------
 Cast: Sandblast         ||     5
Evoke: Wand              ||     3
  Use: Potion            ||     1
